 Dungeon Crawl Stone Soup version 0.27.1-35-g4d5d836560 (webtiles) character file.

Game seed: 4609684923551805745

4 cbfl8 the Sneak (level 1, -4/20 HPs)
             Began as a Minotaur Delver on Mar 19, 2022.
             Slain by a river rat (8 damage)
             ... on level 4 of the Dungeon.
             The game lasted 00:00:57 (83 turns).

cbfl8 the Sneak (Minotaur Delver)                     Turns: 83, Time: 00:00:58

Health: -4/20      AC:  3    Str: 16    XL:     1   Next: 50%
Magic:  0/0        EV: 11    Int:  7    God:
Gold:   13         SH:  0    Dex: 11    Spells: 0/0 levels left

rFire    . . .     SeeInvis .   a - +0 hand axe
rCold    . . .     Faith    .   (no shield)
rNeg     . . .     Spirit   .   b - +0 leather armour
rPois    .         Reflect  .   (helmet restricted)
rElec    .         Harm     .   (no cloak)
rCorr    .         Rampage  .   (no gloves)
Will     .....                  (no boots)
Stlth    ++........             (no amulet)
HPRegen  0.06/turn              (no ring)
MPRegen  0.07/turn              (no ring)

@: no status effects
A: horns 2, retaliatory headbutt
a: no special abilities


You were on level 4 of the Dungeon.
You visited 1 branch of the dungeon, and saw 2 of its levels.

You collected 13 gold pieces.

Inventory:

Hand Weapons
 a - a +0 hand axe (weapon)
Armour
 b - a +0 leather armour (worn)
Wands
 g - a wand of digging (3)
Scrolls
 c - a scroll of fog
 d - a scroll of magic mapping


   Skills:
 + Level 3.6 Fighting
 + Level 2.4 Axes
 + Level 0.1 Armour
 + Level 2.2 Dodging
 + Level 4.2 Stealth


You couldn't memorise any spells.
You didn't know any spells.
Your spell library was empty.

Dungeon Overview and Level Annotations

Branches:
Dungeon (5/15)
 Temple: D:4-7

Altars:


Innate Abilities, Weirdness & Mutations

You have a pair of horns on your head.
You reflexively headbutt those who attack you in melee.


Message History

You headbutt the jackal. The jackal barely misses you. You furiously retaliate!
You headbutt the jackal, but do no damage.
The jackal bites you. x2
The jackal misses you.
The river rat twitches its whiskers.
An orc comes into view. It is wielding a +0 dagger.
The jackal completely misses you.
An orc comes into view. It is wielding a +0 hand axe.
You closely miss the jackal.
The orc shouts!
Your headbutt misses the jackal. You barely miss the jackal. x2
You hit the jackal.
You kill the jackal!
The jackal bites you. The jackal closely misses you.
The jackal barely misses you. You furiously retaliate!
You headbutt the jackal!
You kill the jackal!
The jackal barely misses you. x2
Unknown command.
You slash the jackal!
You kill the jackal!
You hit the jackal but do no damage. You closely miss the adder.
The jackal barely misses you. The adder bites you.
* * * LOW HITPOINT WARNING * * *
The jackal barely misses you.
Unknown command.
You barely miss the river rat. You hit the adder.
You hit the jackal but do no damage. You hit the rat.
The adder barely misses you. The jackal misses you.
The river rat barely misses you. The adder bites you.
* * * LOW HITPOINT WARNING * * *
The rat bites you but does no damage.
You hit the river rat.
The river rat is heavily wounded.
You hit the adder but do no damage. You hit the jackal.
You kill the jackal!
You hit the rat.
You kill the rat!
The adder closely misses you. You furiously retaliate!
You headbutt the adder! The river rat bites you!
You die... #.### #.r.#########.#. #.#...rr.rr..... #r#####r(r#####. #r# .....rr# #.# #rrrr..r# .# #r# #rrrrr.r#

.. #.#
############.### #.#
#####@ro$....
#r######.rr†oS..####
#.....r......oo.....
########.........#.#
#.........# #
#####.....# #.......
#........ .........


You could see an adder, 3 river rats, 4 orcs and a rat.

Vanquished Creatures
  4 jackals (D:4)
  A rat (D:4)
5 creatures vanquished.

Notes
Turn   | Place    | Note
-------+----------+-------------------------------------------
     0 | D:5      | cbfl8 the Minotaur Delver began the quest for the Orb.
     0 | D:5      | Reached XP level 1. HP: 19/19 MP: 0/0
     9 | D:5      | Noticed a black bear
    17 | D:4      | Noticed an iguana
    83 | D:4      | Slain by a river rat

Illustrated notes

Levels and vault maps discovered:
D:4:      gammafunk_steamed_eel, layout_basic,
          mainiacjoe_overflow_six_doors_small, serial_shops, shop,
          minmay_statues_item, dk_rats_in_the_wall
D:5:      black_bear_nest_1, layout_rooms, nicolae_wooded_promenade,
          supply_closet_lemuel, kennysheep_generic_room_5,
          uniq_crazy_yiuf_cottage

Action                   || total
-------------------------++-------
Melee: Hand axe          ||     7
  Use: Scroll            ||     1
       Potion            ||     1
Armor: Leather armour    ||     2
Dodge: Dodged            ||    18
